 Dungeon Crawl Stone Soup version 0.31.0-32-g396128a36d (webtiles) character file.

Game seed: 5919564709704060278

22476 KittyFluff the Grappler (level 12, -9/120 HPs)
             Began as a Troll Shapeshifter on Mar 31, 2024.
             Was an Elder of Trog.
             Mangled by Rupert
             ... wielding a +1 battleaxe of freezing
              (25 damage)
             ... on level 4 of the Lair of Beasts.
             The game lasted 00:59:12 (11511 turns).

KittyFluff the Grappler (Troll Shapeshifter)       Turns: 11511, Time: 00:59:15

Health: -9/120     AC:  5    Str: 33    XL:     12   Next: 63%
Magic:  11/11      EV: 14    Int:  6    God:    Trog [****..]
Gold:   862        SH:  0    Dex: 17    Spells: 10/11 levels left

rFire   + +          +
                       - Unarmed
rCold   . . .        (no shield)
rNeg    . . .        k - +0 troll leather armour
rPois   +            (helmet currently unavailable)
rElec   +            (cloak currently unavailable)
rCorr   +            (gloves unavailable)
SInv    .            (boots unavailable)
Will    .....        H - amulet of regeneration
Stlth   +            T - ring "Oheozen" {rElec rF+ Str+6 Slay+3}
HPRegen 2.80/turn    w - ring "Orerr" {rPois rF++ rCorr Dex+6}
MPRegen 0.12/turn

%: no passive effects
@: lethally poisoned (-9 -> -9), beast-form, studying Axes
A: beast (slay +4), large, unfitting armour, claws 3, regeneration 1, shaggy fur
1, tough skin 1
a: Begin Untransformation, Renounce Religion, Berserk, Trog's Hand, Brothers in
Arms


You were on level 4 of the Lair of Beasts.
You worshipped Trog.
Trog was greatly pleased with you.
You were a hulking beast.
You visited 3 branches of the dungeon, and saw 15 of its levels.

You collected 862 gold pieces.

Inventory:

Hand Weapons
 r - a +1 whip of flaming
 t - a +5 heavy quarterstaff
 E - a +0 shortbow
 W - a +3 morningstar of freezing
Missiles
 g - 38 stones (quivered)
 Q - 5 boomerangs
 X - 13 poisoned darts
 Z - a curare-tipped dart
Armour
 k - a +0 troll leather armour (worn)
 z - +0 steam dragon scales
 S - the +2 ratskin cloak {*Rats rPois rN+ Str-1 Int-1 Dex+1}
   (You found it on level 8 of the Dungeon)

   *Rats:     When the wearer is hurt, rats may emerge from it to assist them.
   Str-1:     It affects your strength (-1).
   Int-1:     It affects your intelligence (-1).
   Dex+1:     It affects your dexterity (+1).
   rPois:     It protects you from poison rN+: It protects you from negative
   energy.
 V - a +1 robe of cold resistance
Jewellery
 w - the ring "Orerr" (right claw) {rPois rF++ rCorr Dex+6}
   (You found it on level 7 of the Dungeon)

   [ring of dexterity]

   Dex+6:     It affects your dexterity (+6).
   rF++:      It greatly protects you from fire.
   rPois:     It protects you from poison rCorr: It protects you from acid and
   corrosion.
 y - an amulet of the acrobat
 G - the ring of the Garden {rElec rN+ Will+}
   (You found it on level 5 of the Dungeon)

   [ring of positive energy]

   rElec:     It insulates you from electricity.
   rN+:       It protects you from negative energy.
   Will+:     It increases your willpower.
 H - an amulet of regeneration (around neck)
 L - a ring of fire
 P - a +6 ring of strength
 T - the ring "Oheozen" (left claw) {rElec rF+ Str+6 Slay+3}
   (You found it on level 8 of the Dungeon)

   [ring of strength]

   Str+6:     It affects your strength (+6).
   Slay+3:    It affects your accuracy & damage with ranged weapons and melee
   (+3).
   rF+:       It protects you from fire.
   rElec:     It insulates you from electricity.
 U - a ring of ice
Talismans
 c - a beast talisman
 d - a flux talisman
 n - a maw talisman
Wands
 a - a wand of flame (38)
 m - a wand of mindburst (14)
 q - a wand of paralysis (9)
 N - a wand of iceblast (15)
Scrolls
 e - a scroll of fog
 f - 5 scrolls of teleportation {unknown}
 h - a scroll of enchant weapon {unknown}
 i - 5 scrolls of poison {unknown}
 s - 2 scrolls of fear {unknown}
 u - a scroll of amnesia {unknown}
 D - a scroll of noise {unknown}
 I - a scroll of enchant armour
 J - a scroll of brand weapon
 K - 7 scrolls of immolation
 M - a scroll of silence
 O - 6 scrolls of vulnerability
 R - a scroll of blinking
Potions
 b - a potion of lignification
 j - 6 potions of curing
 l - 4 potions of haste
 o - 2 potions of invisibility
 p - 2 potions of mutation {unknown}
 v - 3 potions of heal wounds
 x - 2 potions of attraction {unknown}
 A - 2 potions of might {unknown}
 B - 4 potions of resistance {unknown}
 C - 3 potions of degeneration {unknown}
 F - a potion of cancellation {unknown}
 Y - 3 potions of brilliance {unknown}


   Skills:
 + Level 8.2 Fighting
 + Level 8.4 Throwing
 + Level 8.4 Dodging
 + Level 10.3 Unarmed Combat
 + Level 9.5 Shapeshifting


You had 10 spell levels left.
You knew the following spells:

 Your Spells              Type           Power      Damage    Failure   Level
a - Apportation           Tloc           0%         N/A       50%         1

Your spell library contained the following spells:

 Spells                   Type           Power      Damage    Failure   Level
 Jinxbite                 Hex            0%         N/A       63%         2
 Gell's Gravitas          Tloc           0%         N/A       86%         3
 Teleport Other           Tloc           0%         N/A       86%         3
 Volatile Blastmotes      Fire/Tloc      0%         2d10      86%         3
 Animate Armour           Summ/Erth      0%         N/A       99%         4
 Fulminant Prism          Conj/Alch      0%         3d5       99%         4
 Iskenderun's Mystic Bla  Conj/Tloc      0%         2d3       99%         4
 Summon Lightning Spire   Summ/Air       0%         N/A       99%         4
 Alistair's Intoxication  Alch           0%         N/A       100%        5
 Lee's Rapid Deconstruct  Erth           0%         3d4*      100%        5
 Dispersal                Tloc           0%         N/A       100%        6


Dungeon Overview and Level Annotations

Branches:
Dungeon (10/15)            Temple (1/1) D:6            Lair (4/5) D:8
  Swamp (0/4) Lair:2       Spider (0/4) Lair:2
  Slime: Lair:4-5       Orc: D:9-12

Altars:
Ashenzari
Cheibriados
Dithmenos
Elyvilon
Fedhas
Gozag
Hepliaklqana
Kikubaaqudgha
Makhleb
Nemelex Xobeh
Okawaru
Qazlal
Ru
Sif Muna
Trog
Uskayaw
Vehumet
Wu Jian
Xom
Yredelemnul
Zin
The Shining One

Portals:
Abyss: Lair:3

Annotations:
Lair:3 2 transporters
Lair:4 2 runed translucent doors, Odimp's ghost, journeyman KoWn; Rupert


Innate Abilities, Weirdness & Mutations

You are a hulking beast.
Your limbs bulge with bestial killing power. (Slay +4)
You are too large for most types of armour.
You have claws for hands.
Your natural rate of healing is unusually fast.
You are covered in fur. (AC +1)
You have tough skin. (AC +1)


Message History

You kill the water moccasin!
Trog accepts your kill.
You feel very sick.
You feel very sick. Rupert yells loudly at you.
You struggle to resist.
You see here a water moccasin corpse.
You mangle Rupert!!
Rupert is moderately wounded.
You feel sick.
You barely miss Rupert.
Rupert is moderately wounded.
You feel sick. Rupert misses you.
You mangle Rupert!!
Rupert is heavily wounded.
You feel sick.
Rupert hits you with a +1 battleaxe of freezing!
Rupert freezes you.
You completely miss Rupert.
Rupert is heavily wounded.
You feel sick.
Rupert roars madly and goes into a rage!
Rupert goes berserk!
You claw Rupert!
Rupert is heavily wounded.
You feel sick.
Rupert hits you with a +1 battleaxe of freezing!
Rupert freezes you.
You claw Rupert!
Rupert is heavily wounded.
Rupert barely misses you.
You mangle Rupert!!
Rupert is severely wounded.
You feel sick.
Rupert hits you with a +1 battleaxe of freezing!!!
Rupert freezes you!!
* * * LOW HITPOINT WARNING * * *
Rupert hits you with a +1 battleaxe of freezing!!
You die...
Rupert roars with triumph.

#............#.#####
##.###.......#.# #.##
###......### ##
##..P..PP###
##.........P##
#..#..........
##............
######.##...#..##.
.#@h.....##..##..#
#..........P.##..# .##
##.#######P.##...#..##
###............
#..............
#.......#.###.#
#.....##### # ####.##
#.#


You could see Rupert (berserk).

Vanquished Creatures
  Fannar (Lair:1)
  A two-headed ogre (D:9)
  2 boulder beetles
  The ghost of Alphaeus the Grappler, a novice TrSh of Cheibriados (D:7)
  A skyshark (Lair:3)
  A goliath frog (Lair:2)
  Pikel (D:5)
  4 elephants
  4 black mambas
  Joseph (D:10)
  4 cane toads
  3 komodo dragons
  2 trolls (D:10)
  A hornet (D:9)
  A jumping spider (Lair:2)
  3 wraiths
  6 wyverns
  19 yaks
  3 basilisks
  3 redbacks
  3 steam dragons
  11 water moccasins
  2 orc warriors
  A sky beast (D:6)
  A swamp drake (Lair:2)
  5 ice beasts
  7 black bears
  4 centaurs
  9 wolves (Lair:2)
  The ghost of Wolfey the Ducker, an amateur OpFi (D:3)
  The ghost of KKCryptic the Insei, an amateur OpSh of Uskayaw (D:3)
  2 kobold brigands
  2 lemures (D:4)
  2 phantoms
  17 bullfrogs
  A scorpion (D:6)
  9 wights
  5 howler monkeys
  2 quasits (D:7)
  7 hounds
  5 orc priests
  2 bombardier beetles
  3 jellies
  2 sleepcaps
  4 iguanas
  2 orc wizards
  2 hell rats (D:8)
  3 gnolls (D:5)
  21 river rats (D:8)
  7 adders
  A white imp (D:7)
  3 ribbon worms
  32 orcs
  4 bats
  9 endoplasms
  A giant cockroach (D:1)
  4 goblins
  4 hobgoblins
  3 jackals
  4 quokkas
  2 ball pythons
  14 kobolds
  5 rats
291 creatures vanquished.

Notes
Turn   | Place    | Note
-------+----------+-------------------------------------------
     0 | D:1      | KittyFluff the Troll Shapeshifter began the quest for the
                  | Orb.
     0 | D:1      | Reached XP level 1. HP: 18/18 MP: 0/0
   208 | D:1      | Reached skill level 1 in Fighting
   229 | D:1      | Reached XP level 2. HP: 27/27 MP: 1/1
   615 | D:1      | Learned a level 1 spell: Apportation
   872 | D:2      | Reached XP level 3. HP: 25/33 MP: 2/2
  1581 | D:2      | Found a shimmering blue altar of Sif Muna.
  1769 | D:3      | Reached XP level 4. HP: 41/41 MP: 3/3
  1951 | D:3      | Found a runed translucent gate.
  1952 | D:3      | Found a runed translucent gate.
  1953 | D:3      | Found a runed translucent gate.
  1954 | D:3      | Noticed KKCryptic's ghost (amateur OpSh)
  1955 | D:3      | Noticed Wolfey's ghost (amateur OpFi)
  2320 | D:3      | Killed KKCryptic's ghost
  2321 | D:3      | Reached skill level 4 in Unarmed Combat
  2321 | D:3      | Reached XP level 5. HP: 28/49 MP: 4/4
  2326 | D:3      | Killed Wolfey's ghost
  2327 | D:3      | Reached XP level 6. HP: 25/59 MP: 5/5
  2890 | D:4      | Found an ancient bone altar of Kikubaaqudgha.
  3093 | D:5      | Entered Level 5 of the Dungeon
  3098 | D:5      | Reached skill level 1 in Throwing
  3098 | D:5      | Noticed Pikel
  3129 | D:5      | Killed Pikel
  3130 | D:5      | Reached skill level 5 in Unarmed Combat
  3130 | D:5      | Reached XP level 7. HP: 16/67 MP: 6/6
  3240 | D:5      | Reached skill level 5 in Shapeshifting
  3240 | D:5      | Reached XP level 8. HP: 70/76 MP: 7/7
  3875 | D:5      | Found a hazy altar of Hepliaklqana.
  3987 | D:5      | Identified the ring of the Garden {rElec rN+ Will+}
  4170 | D:6      | Reached skill level 6 in Unarmed Combat
  4246 | D:6      | Reached XP level 9. HP: 73/85 MP: 8/8
  4381 | D:6      | Found a shimmering blue altar of Sif Muna.
  4422 | D:6      | Found a staircase to the Ecumenical Temple.
  4452 | Temple   | Entered the Ecumenical Temple
  4528 | D:6      | Found a shadowy altar of Dithmenos.
  4533 | D:6      | Found a shimmering altar of Xom.
  4542 | D:6      | Found a glowing silver altar of Zin.
  4576 | D:6      | Found a white marble altar of Elyvilon.
  4662 | D:6      | Reached skill level 5 in Dodging
  4680 | D:6      | Found a bloodstained altar of Trog.
  4686 | D:6      | Became a worshipper of Trog the Wrathful
  5135 | D:7      | Found a transporter.
  5141 | D:7      | Noticed Alphaeus's ghost (novice TrSh)
  5178 | D:7      | Reached skill level 5 in Fighting
  5354 | D:7      | Found a transporter.
  5465 | D:7      | Killed Alphaeus's ghost
  5466 | D:7      | Reached skill level 5 in Throwing
  5466 | D:7      | Reached skill level 7 in Unarmed Combat
  5497 | D:7      | Identified the ring "Orerr" {rPois rF++ rCorr Dex+6}
  5626 | D:8      | Reached * piety under Trog
  5671 | D:8      | Reached XP level 10. HP: 87/96 MP: 9/9
  5697 | D:8      | Found the +2 ratskin cloak {*Rats rPois rN+ Str-1 Int-1
                  | Dex+1}
  5764 | D:8      | Identified the ring "Oheozen" {rElec rF+ Str+6 Slay+3}
  5896 | D:7      | HP: 3/81 [wight/+0 long sword (13)]
  6062 | D:8      | Noticed an elephant
  6182 | D:8      | Found an ornate altar of the Wu Jian Council.
  6246 | D:8      | Killed an elephant
  6323 | D:8      | Found a staircase to the Lair.
  6363 | D:8      | Found a sacrificial altar of Ru.
  6571 | D:9      | Reached ** piety under Trog
  6727 | D:9      | Reached skill level 8 in Unarmed Combat
  7522 | D:9      | Noticed a two-headed ogre
  7532 | D:9      | Killed a two-headed ogre
  7533 | D:9      | Reached XP level 11. HP: 107/107 MP: 10/10
  7639 | D:10     | Entered Level 10 of the Dungeon
  7679 | D:10     | Found a sparkling altar of Nemelex Xobeh.
  7679 | D:10     | Found an opulent altar of Gozag.
  7982 | D:10     | Noticed Joseph
  7992 | D:10     | Killed Joseph
  8577 | Lair:1   | Entered Level 1 of the Lair of Beasts
  8645 | Lair:1   | Noticed Fannar
  8661 | Lair:1   | Killed Fannar
  8827 | Lair:1   | Noticed a boulder beetle
  8845 | Lair:1   | Killed a boulder beetle
  8864 | Lair:1   | Reached skill level 9 in Unarmed Combat
  9077 | Lair:1   | Reached *** piety under Trog
  9413 | Lair:2   | Found a hole to the Spider Nest.
  9479 | Lair:2   | Noticed a boulder beetle
  9488 | Lair:2   | Killed a boulder beetle
  9819 | Lair:2   | Found a staircase to the Swamp.
  9819 | Lair:2   | Noticed a goliath frog
  9838 | Lair:2   | Killed a goliath frog
  9863 | Lair:2   | Reached XP level 12. HP: 107/118 MP: 11/11
  9927 | Lair:2   | Identified the +1 leather armour of Ladas {rElec Regen+
                  | Dex+3}
 10392 | Lair:3   | Reached **** piety under Trog
 10607 | Lair:3   | Reached skill level 10 in Unarmed Combat
 10649 | Lair:3   | You fall into a shaft and drop 1 floor!
 10901 | Lair:3   | Found a one-way gate to the infinite horrors of the Abyss.
 10967 | Lair:3   | Found a transporter.
 10971 | Lair:3   | Found a transporter.
 11373 | Lair:4   | Found a large runed translucent door.
 11374 | Lair:4   | Found a large runed translucent door.
 11376 | Lair:4   | Noticed Odimp's ghost (journeyman KoWn)
 11500 | Lair:4   | Noticed Rupert
 11511 | Lair:4   | Mangled by Rupert

Illustrated notes

Levels and vault maps discovered:
D:1:      ncdulo_wetmaze, layout_basic, st_stairs_10,
          minmay_misc_feat_four_crosses
D:2:      layout_basic, basic_altar, kennysheep_generic_room_11
D:3:      layout_loops_ring, gammafunk_ghost_cemetery, mrwooster_statue_mirror,
          serial_park_tiny_2, amcnicky_mini_rare_corridor_liquid,
          hangedman_decor_opposing
D:4:      layout_basic, kiku_gazebo_garden_becter,
          nicolae_twisty_statue_hallways
D:5:      layout_loops_corners, mainiacjoe_overflow_catwalk,
          grunt_ministairs_13, uniq_pikel
D:6:      layout_rooms, lightli_temple_of_fire, nicolae_sif_muna_little_library,
          grunt_temple_overflow_diamond, nicolae_elyvilon_peaceful_grove,
          minmay_temple_entry_mini_moons, minmay_pentangle
D:7:      cheibrodos_quashed, layout_gridville, gammafunk_ghost_stat_death,
          minmay_manual_monstrance
D:8:      wander_guarded_unrand_ratskin, layout_cave_pools,
          nicolae_ru_awakened_eye, pdpol_wu_jian_five_deadly_venoms,
          grunt_lair_entry_orc_guard_hut
D:9:      kennysheep_steamy, layout_stronghold, serial_column_ruins,
          column_ruins_columns_straight, column_ruins_open_tiny,
          column_ruins_open_medium_water, column_ruins_columns_straight,
          column_ruins_open_small, column_ruins_columns_straight,
          column_ruins_grid_3
D:10:     layout_gridville, grunt_temple_overflow_opulence,
          chequers_serial_rivers_micro_a, serial_bayou_pond_d, uniq_joseph
Temple:   eino_wide_crystal_templ
Lair:1:   layout_chaotic_city, grunt_forest_small_clearing_treed, uniq_fannar
Lair:2:   layout_regular_city, mainiacjoe_swamp_entry_lozenge_pond,
          spider_nest_entry_a, grunt_megastairs_5
Lair:3:   layout_cave_pods, gammafunk_ghost_abyssal_escape
Lair:4:   layout_loops_ring, ebering_ghost_disaster_area, serial_bayou_pond_b,
          uniq_rupert

Skill      XL: |  1  2  3  4  5  6  7  8  9 10 11 12 |
---------------+-------------------------------------+-----
Fighting       | 1 2 3 4 5 6 7 8 |  8.2
Dodging        | 2 3 4 5 6 7 8 |  8.4
Unarmed Combat | 4 5 6 7 8 9 10 | 10.3
Shapeshifting  | 4 5 6 7 8 9 |  9.5
Throwing       | 2 3 5 6 7 8 |  8.4

Action                     |  1- 3 |  4- 6 |  7- 9 | 10-12 || total
---------------------------+-------+-------+-------+-------++-------
  Melee: Unarmed           |    67 |   115 |   242 |   444 ||   868
         Punch             |       |     2 |     9 |    28 ||    39
  Throw: Stone             |       |     1 |    15 |    57 ||    73
 Invoke: Berserk           |       |       |       |     1 ||     1
    Use: Scroll            |       |     4 |     3 |     4 ||    11
         Potion            |       |     2 |       |     1 ||     3
   Stab: Sleeping          |       |       |     2 |       ||     2
         Distracted        |       |       |     1 |       ||     1
 Armour: Animal skin       |    20 |    74 |       |       ||    94
         Robe              |       |       |   174 |   102 ||   276
         Troll leather arm |       |       |       |   166 ||   166
         Steam dragon scal |       |       |       |    12 ||    12
  Dodge: Dodged            |    33 |    62 |   153 |   247 ||   495
